 Dungeon Crawl Stone Soup version 0.23-a0-767-gdc19b93d68 (webtiles) character file.

139 Hercules1031 the Covered (level 5, -3/42 HPs)
             Began as a Barachi Fighter on Jan 27, 2019.
             Was a Follower of Ru.
             Splashed by Ijyb's acid (11 damage)
             ... on level 3 of the Dungeon.
             The game lasted 00:04:36 (2217 turns).

Hercules1031 the Covered (Barachi Fighter)          Turns: 2217, Time: 00:04:36

Health: -3/42      AC:  1    Str: 18    XL:     5   Next: 22%
Magic:  5/5        EV:  5    Int:  8    God:    Ru [*.....]
Gold:   120        SH: 13    Dex: 12    Spells: 4/4 levels left

rFire    . . .     SeeInvis .   a - +2 war axe
rCold    . . .     Gourm    .   c - +0 shield
rNeg     . . .     Faith    .   p - +0 chain mail
rPois    .         Spirit   .   (no helmet)
rElec    .         Reflect  +   (no cloak)
rCorr    .         Harm     .   (no gloves)
MR       .....                  (no boots)
Stlth    ..........             l - +4 amulet of reflection
HPRegen  0.14/turn              h - ring of wizardry
MPRegen  0.09/turn              (no ring)

@: corroded, slow
A: +LOS, swims, slowness 1, unskilled 1, strong legs 1
a: Hop, Renounce Religion


You were on level 3 of the Dungeon.
You worshipped Ru.
Ru was aware of your devotion.
You were full.

You visited 1 branch of the dungeon, and saw 3 of its levels.

You collected 120 gold pieces.

Inventory:

Hand Weapons
 a - a +2 war axe (weapon)
Armour
 b - a +0 scale mail
 c - a +0 shield (worn)
 p - a +0 chain mail (worn)
Jewellery
 h - a ring of wizardry (left hand)
 l - a +4 amulet of reflection (around neck)
Wands
 j - a wand of scattershot (6)
Scrolls
 g - a scroll of remove curse {unknown}
 i - a scroll of amnesia
 k - a scroll of fear
 m - a scroll of magic mapping {unknown}
 n - 2 scrolls of teleportation {unknown}
Potions
 d - a potion of might
 e - a potion of invisibility
 o - a potion of heal wounds
 q - a potion of haste
Comestibles
 f - 9 rations


   Skills:
 + Level 4.0 Fighting
 + Level 2.8 Axes
 + Level 4.1 Armour
 + Level 1.8 Dodging
 + Level 3.7 Shields


You had 4 spell levels left.
You didn't know any spells.
Your spell library was empty.

Dungeon Overview and Level Annotations

Branches:
Dungeon (3/15)

Altars:
Ru

Annotations:
D:3 Ijyb


Innate Abilities, Weirdness & Mutations

Shadows flee at your approach. (+LOS)
You can swim through water.
You cover ground slowly.
You are somewhat unskilled. (-1 Apt)
You can hop short distances.


Message History

You kill the goblin!
You block Ijyb's attack.
You closely miss Ijyb.
Ijyb is lightly wounded.
You block Ijyb's attack.
You closely miss Ijyb.
Ijyb is lightly wounded.
Ijyb hits you with a +0 club.
You hit Ijyb but do no damage.
Ijyb is lightly wounded.
You block Ijyb's attack. x2
You hit Ijyb but do no damage.
Ijyb is lightly wounded.
You block Ijyb's attack.
You hit Ijyb.
Ijyb is moderately wounded.
Ijyb zaps a wand.
The bolt of acid hits you!
* * * LOW HITPOINT WARNING * * *
The acid corrodes you!
You are splashed with acid!
The acid burns!
You die...

..# ..# ...# ###
...# .. ...# .
####.###...##.#
.##..............
)........<.......
#....g@........
####.#.#...#..##
.. #.#...#... ##
#.#...#.#
#.......#
#.....#.#
#.......#
##......#
#.###..#########


You could see Ijyb.

Vanquished Creatures
  4 gnolls
  5 adders
  2 leopard geckos
  8 bats
  6 giant cockroaches
  5 goblins
  9 hobgoblins
  3 kobolds
  A ball python (D:1)
  4 frilled lizards
  9 rats
56 creatures vanquished.

Notes
Turn   | Place    | Note
-------+----------+-------------------------------------------
     0 | D:1      | Hercules1031 the Barachi Fighter began the quest for the
                  | Orb.
     0 | D:1      | Reached XP level 1. HP: 18/18 MP: 1/1
   257 | D:1      | Reached XP level 2. HP: 23/25 MP: 2/2
   313 | D:1      | Reached skill level 1 in Dodging
   313 | D:1      | Reached XP level 3. HP: 13/30 MP: 3/3
   600 | D:2      | Reached XP level 4. HP: 7/37 MP: 4/4
   895 | D:2      | Found a faded altar of an unknown god.
   940 | D:2      | Became a worshipper of Ru the Awakened
   958 | D:2      | Gained mutation: You are somewhat unskilled. (-1 Apt) [Ru
                  | sacrifice]
   958 | D:2      | Reached * piety under Ru
  1990 | D:3      | Reached XP level 5. HP: 41/42 MP: 5/5
  2209 | D:3      | Noticed Ijyb
  2217 | D:3      | Splashed by Ijyb's acid

Vault maps used:
D:1:      onia_arrival_pentagram, fountainhead, minivault_25, st_stairs_5,
          minmay_close_crescents
D:2:      chequers_ecumenical_altar_simple, minivault_5, minmay_ruptured
D:3:      minmay_thinvault, old_standard_altar, first_ration, dk_vineyard_3,
          uniq_ijyb, uniq_terence

Skill      XL: |  1  2  3  4  5 |
---------------+----------------+-----
Fighting       | 4 3 4 |  4.0
Armour         | 4 4 |  4.1
Dodging        | 1 |  1.8
Axes           | |  2.8
Shields        | |  3.7

Action                   |  1- 3 |  4- 6 || total
-------------------------+-------+-------++-------
Melee: War axe           |    80 |   139 ||   219
Invok: Sacrifice Skill   |       |     1 ||     1
  Use: Potion            |     2 |     5 ||     7
       Scroll            |       |     5 ||     5
  Eat: Ration            |       |     3 ||     3
Armor: Scale mail        |    54 |    33 ||    87
       Chain mail        |       |    43 ||    43
Dodge: Dodged            |    43 |    50 ||    93
Block: Shield            |    60 |    91 ||   151

Table legend:
 A = Non-vault XP
 B = Vault XP
 C = Vault XP percentage of total XP
 D = Non-vault monster count
 E = Vault monster count
 F = Vault count percentage of total count
                 A         B        C        D         E       F
            +---------+---------+-------+---------+---------+-------
      Total |     142 |      57 |  28.6 |      35 |      21 |  37.5
            +---------+---------+-------+---------+---------+-------
        D:1 |      18 |      30 |  62.5 |      11 |      12 |  52.2
        D:2 |     104 |       5 |   4.6 |      19 |       3 |  13.6
        D:3 |      20 |      22 |  52.4 |       5 |       6 |  54.5
            +---------+---------+-------+---------+---------+-------
